AoeStats
← Mew

Arabia

504775920Analyzed
1v1 RM · 26d ago on Sep 6, 2026· 41m 6s· 2 players
Game mode
Random Map
Map size
Tiny (2 player)
Population
200
Speed
Normal
Resources
Standard
Victory
Conquest
Starting age
Dark Age
Ending age
Imperial Age
RankedLock teamsTeams togetherTeam positionsShared explorationLock speedFull tech treeHidden civsTurbo modeCheats
Victory
Defeat
🇨🇭 Bulgarians · Switzerland
912
+15
🇦🇷 Hindustanis · Argentina
892
-15
AJB
1:09 Loom
14:15 Feudal Age
14:35 Man-at-Arms
16:15 Forging
16:07 Scale Mail Armor
17:35 Town Watch
23:53 Wheelbarrow
23:20 Double-Bit Axe
23:45 Gold Mining
24:32 Fletching
24:49 Padded Archer Armor
30:52 Castle Age
30:58 Crossbowman
33:59 Bodkin Arrow
35:06 Leather Archer Armor
35:44 Pikeman
38:03 Squires
Mew
2:13 Loom
17:49 Feudal Age
18:20 Arson
19:57 Forging
19:48 Scale Mail Armor
21:49 Double-Bit Axe
21:47 Horse Collar
22:59 Gold Mining
23:00 Stone Mining
23:06 Fletching
29:11 Castle Age
27:20 Scale Barding Armor
27:16 Padded Archer Armor
28:17 Town Watch
29:07 Wheelbarrow
28:47 Bloodlines
30:33 Bow Saw
30:25 Heavy Plow
31:05 Town Patrol
31:38 Husbandry
31:53 Husbandry
33:04 Iron Casting
35:05 Chain Barding Armor
35:28 Hand Cart
36:47 Masonry
41:37 Murder Holes
42:02 Ballistics
Connection lost

Rejoining the realm…

Still unreachable

The connection could not be restored.

Session expired

The server has moved on; the page needs a fresh start.